 Dungeon Crawl Stone Soup version 0.22.1-1-ga44c0e5 (webtiles) character file.

21 mandick the Insei (level 2, -2/22 HPs)
             Began as a Demonspawn Transmuter on Sept 30, 2018.
             Slain by an adder (5 damage)
             ... on level 1 of the Dungeon.
             The game lasted 00:02:08 (953 turns).

mandick the Insei (Demonspawn Transmuter)            Turns: 953, Time: 00:02:09

Health: -2/22      AC:  2    Str: 10    XL:     2   Next: 62%
Magic:  5/5        EV: 12    Int: 14    God:
Gold:   27         SH:  0    Dex: 13    Spells: 4/5 levels left

rFire    . . .     SeeInvis .     - Unarmed
rCold    . . .     Gourm    .   (no shield)
rNeg     . . .     Faith    .   b - +0 robe
rPois    .         Spirit   .   (no helmet)
rElec    .         Reflect  .   (no cloak)
rCorr    .         Harm     .   (no gloves)
MR       .....                  (boots currently unavailable)
Stlth    ++........             (no amulet)
HPRegen  0.07/turn              (no ring)
MPRegen  0.09/turn              (no ring)

@: lethally poisoned (-2 -> -13), appendage (expiring)
A: talons 3, nightstalker 1
a: End Transformation


You were on level 1 of the Dungeon.
You were not hungry.
You had grown temporary talons.
You visited 1 branch of the dungeon, and saw 2 of its levels.

You collected 27 gold pieces.

Inventory:

Missiles
 a - 12 arrows
Armour
 b - a +0 robe (worn)
Jewellery
 h - a cursed -3 ring of intelligence {unknown}
Scrolls
 g - a scroll of teleportation {unknown}
Potions
 e - a potion of flight {unknown}
 f - a potion of haste {unknown}
 i - a potion of invisibility {unknown}
Comestibles
 d - 3 rations


   Skills:
 + Level 2.0 Fighting
 - Level 1.7 Dodging
 - Level 2.6 Unarmed Combat
 - Level 2.0 Spellcasting
 + Level 2.4 Transmutations


You had 4 spell levels left.
You knew the following spells:

 Your Spells              Type           Power        Failure   Level  Hunger
a - Beastly Appendage     Tmut           #.....       9%          1    ##.....

Your spell library contained the following spells:

 Spells                   Type           Power        Failure   Level  Hunger
 Sticks to Snakes         Tmut           #.......     13%         2    ###....
 Spider Form              Tmut/Pois      #.........   41%         3    ####...
 Ice Form                 Ice/Tmut       #.......     82%         4    #####..
 Blade Hands              Tmut           #.........   94%         5    ######.


Dungeon Overview and Level Annotations

Branches:
Dungeon (2/15)

Altars:


Innate Abilities, Weirdness & Mutations

You are slightly more attuned to the shadows.
You have claws for feet.


Message History

There is a stone staircase leading down here.
You hit the adder. Your kick misses the adder.
The adder is heavily wounded.
Your transformation is almost over.
You feel sick. The adder bites you.
You are lethally poisoned!
The adder poisons you! The adder bites you.
* * * LOW HITPOINT WARNING * * *
You hit the adder. Your kick misses the adder.
The adder is almost dead.
* * * LOW HITPOINT WARNING * * *
You feel sick. The adder misses you.
You completely miss the adder. Your kick misses the adder.
The adder is almost dead.
The adder misses you.
You barely miss the adder.
The adder is almost dead.
* * * LOW HITPOINT WARNING * * *
You feel sick. The adder bites you.
You die...

#####.# ##.#......#.#(#...#.#.
#.# #........#.#.#.###.#. #.#
#....##.##.#.#...#.#. #.#
#....##.##.#.###.#.#. #####.#
#...)##.##.#.#...#.## ....#.#
#....##..#.#.#.#.#..< ###.#.#
#....##....#.#.#.#.## #.#.#
#####.#.S##.####.#.#.#.#. #.#.#
#.......@##.##...#.#.#.#. #.#.#
#.###.#.###.##.###.###.#.
###.#.###.#.#.#.###.##.#.....#.#.
..#.#.............#.##.#.###...#.
....................##.....#.#...
..#.#####.#.#.#.#...#############
##.......................[.......
##.#.###...#.#.(.##....#.###.###
#.#.......#)##.###.##.#.###.###


You could see an adder.

Vanquished Creatures
  A dart slug (D:1)
  2 giant cockroaches (D:1)
  3 goblins (D:1)
  3 hobgoblins (D:1)
  A ball python (D:1)
  4 frilled lizards
  5 rats (D:1)
19 creatures vanquished.

Notes
Turn   | Place    | Note
-------+----------+-------------------------------------------
     0 | D:1      | mandick the Demonspawn Transmuter began the quest for the
                  | Orb.
     0 | D:1      | Reached XP level 1. HP: 15/15 MP: 3/3
   449 | D:1      | Gained mutation: You are slightly more attuned to the
                  | shadows. [demonic ancestry]
   449 | D:1      | Reached XP level 2. HP: 21/21 MP: 3/5
   953 | D:1      | Slain by an adder

Skill      XL: |  1  2 |
---------------+-------+-----
Transmutations | 2 |  2.4
Fighting       | 2 |  2.0
Dodging        | |  1.7
Unarmed Combat | |  2.6
Spellcasting   | |  2.0

Action                   || total
-------------------------++-------
Melee: Unarmed           ||    65
       Headbutt          ||     2
       Kick              ||     3
 Cast: Beastly Appendage ||    15
 Stab: Sleeping          ||     4
Armor: Robe              ||     8
Dodge: Dodged            ||    29
